 Dungeon Crawl Stone Soup version 0.24-a0-640-ge7cd8ce796 (webtiles) character file.

Game seed: 5868492302051761989, levelgen mode: deterministic

125 AntidotE the Magician (level 5, -3/37 HPs)
             Began as a Gnoll Wanderer on Sept 24, 2019.
             Was an Initiate of Vehumet.
             Slain by an orc priest
             ... wielding a +0 club
              (7 damage)
             ... on level 3 of the Dungeon.
             The game lasted 00:19:31 (2681 turns).

AntidotE the Magician (Gnoll Wanderer)              Turns: 2681, Time: 00:19:32

Health: -3/37      AC:  4    Str: 12    XL:     5   Next: 9%
Magic:  12/12      EV: 14    Int: 17    God:    Vehumet [......]
Gold:   121        SH:  0    Dex: 15    Spells: 13/14 levels left

rFire    . . .     SeeInvis .   q - +0 hand axe (venom)
rCold    . . .     Gourm    .   (no shield)
rNeg     . . .     Faith    .   e - +0 leather armour
rPois    .         Spirit   .   (no helmet)
rElec    .         Reflect  .   r - +0 cloak
rCorr    .         Harm     .   (no gloves)
MR       .....                  (no boots)
Stlth    +++.......             (no amulet)
HPRegen  0.12/turn              (no ring)
MPRegen  0.13/turn              (no ring)

@: hasted, very quick
A: distributed training, fangs 1, strong nose
a: Renounce Religion


You were on level 3 of the Dungeon.
You worshipped Vehumet.
Vehumet was noncommittal.
You were not hungry.

You visited 1 branch of the dungeon, and saw 3 of its levels.

You collected 121 gold pieces.

Inventory:

Hand Weapons
 q - a +0 hand axe of venom (weapon)
 t - a +0 rapier
Missiles
 o - 38 sling bullets
 p - 2 boomerangs (quivered)
Armour
 d - a +0 robe
 e - a +0 leather armour (worn)
 h - a +0 pair of gloves
 n - a +0 pair of gloves
 r - a +0 cloak (worn)
Jewellery
 u - a cursed ring of teleportation {unknown}
Scrolls
 b - 2 scrolls of fear
 g - 3 scrolls of teleportation {unknown}
 m - a scroll of enchant armour {unknown}
 s - a scroll of amnesia {unknown}
 v - a scroll of blinking {unknown}
 w - 3 scrolls of remove curse {unknown}
 y - 2 scrolls of identify {unknown}
Potions
 c - 3 potions of brilliance {unknown}
 i - 2 potions of flight {unknown}
 j - 2 potions of mutation {unknown}
 l - a potion of agility {unknown}
 x - a potion of heal wounds {unknown}
Comestibles
 f - 5 rations


   Skills:
 + Level 1.3 Fighting
 + Level 1.3 Short Blades
 + Level 1.3 Long Blades
 + Level 1.3 Axes
 + Level 1.3 Maces & Flails
 + Level 1.3 Polearms
 + Level 1.3 Staves
 + Level 1.3 Slings
 + Level 1.3 Bows
 + Level 1.3 Crossbows
 + Level 2.8 Throwing
 + Level 1.3 Armour
 + Level 4.7 Dodging
 + Level 4.3 Stealth
 + Level 2.8 Shields
 + Level 2.8 Unarmed Combat
 + Level 5.1 Spellcasting
 + Level 2.3 Conjurations
 + Level 1.0 Hexes
 + Level 1.0 Charms
 + Level 1.0 Summonings
 + Level 1.0 Necromancy
 + Level 1.0 Translocations
 + Level 1.0 Transmutations
 + Level 1.0 Fire Magic
 + Level 1.0 Ice Magic
 + Level 1.0 Air Magic
 + Level 1.0 Earth Magic
 + Level 1.0 Poison Magic
 + Level 1.4 Invocations
 + Level 1.3 Evocations


You had 13 spell levels left.
You knew the following spells:

 Your Spells              Type           Power        Failure   Level  Hunger
a - Apportation           Tloc           #.....       12%         1    None

Your spell library contained the following spells:

 Spells                   Type           Power        Failure   Level  Hunger
 Teleport Other           Tloc           #.......     34%         3    ###....


Dungeon Overview and Level Annotations

Branches:
Dungeon (3/15)

Altars:
Vehumet

Annotations:
D:3 Grinder


Innate Abilities, Weirdness & Mutations

Your experience applies equally to all skills.
You have very sharp teeth.
Your uncanny sense of smell can sniff out nearby items.


Message History

You hit the orc.
You kill the orc!
Vehumet accepts your kill.
You hit the kobold.
You kill the kobold!
Vehumet accepts your kill.
Grinder says, "Don't move a muscle."
You hit the orc priest.
The orc priest is poisoned.
The orc priest is moderately wounded.
The orc priest casts a cantrip, but nothing happens.
You barely miss the orc priest.
The orc priest is moderately wounded.
The orc priest hits you but does no damage.
You closely miss the orc priest.
The orc priest is heavily wounded.
The orc priest calls down the wrath of Beogh upon you.
Pain shoots through your body!
* * * LOW HITPOINT WARNING * * *
You feel yourself speed up. The orc priest hits you with a +0 club!
You die...

#...##### #...#
#...#
#.#########..
#########.
.<)..........
.......K5
..#########.#
#5....... ###
#.# #O# # #.#
###o# #
#.###.@.#
#.#...###
########...###
###.........###
....######..#
########...## #
#...### # #.###
# ##.#


You could see Grinder, an ogre and an orc priest.

Vanquished Creatures
  Natasha (twice) (D:2)
  An adder (D:2)
  2 oozes
  2 worms (D:2)
  3 orcs (D:3)
  2 ball pythons
  6 bats
  3 giant cockroaches
  9 goblins
  3 hobgoblins (D:1)
  4 jackals (D:1)
  A frilled lizard (D:1)
  4 kobolds
  3 rats (D:1)
45 creatures vanquished.

Notes
Turn   | Place    | Note
-------+----------+-------------------------------------------
     0 | D:1      | AntidotE the Gnoll Wanderer began the quest for the Orb.
     0 | D:1      | AntidotE set off with the following items: a +0 falchion, 2
                  | scrolls of fear, a +0 robe, a +0 dagger, a ration; and the
                  | following spell memorised: Apportation; and the following
                  | spells available to memorise: Teleport Other
     0 | D:1      | Reached XP level 1. HP: 13/13 MP: 6/6
   101 | D:1      | Reached XP level 2. HP: 16/19 MP: 7/7
   777 | D:1      | Reached skill level 5 in Spellcasting
   777 | D:1      | Reached XP level 3. HP: 19/25 MP: 7/9
   885 | D:2      | Found a radiant altar of Vehumet.
   893 | D:2      | Became a worshipper of Vehumet
  1621 | D:2      | Noticed Natasha
  1631 | D:2      | Killed Natasha
  1631 | D:2      | Reached skill level 1 in Fighting
  1631 | D:2      | Reached skill level 1 in Short Blades
  1631 | D:2      | Reached skill level 1 in Long Blades
  1631 | D:2      | Reached skill level 1 in Axes
  1631 | D:2      | Reached skill level 1 in Maces & Flails
  1631 | D:2      | Reached skill level 1 in Polearms
  1631 | D:2      | Reached skill level 1 in Staves
  1631 | D:2      | Reached skill level 1 in Slings
  1631 | D:2      | Reached skill level 1 in Bows
  1631 | D:2      | Reached skill level 1 in Crossbows
  1631 | D:2      | Reached skill level 1 in Armour
  1631 | D:2      | Reached skill level 1 in Invocations
  1631 | D:2      | Reached skill level 1 in Evocations
  1631 | D:2      | Reached XP level 4. HP: 14/32 MP: 11/11
  1930 | D:2      | Noticed Natasha
  1942 | D:2      | Killed Natasha
  2100 | D:2      | Reached skill level 1 in Hexes
  2100 | D:2      | Reached skill level 1 in Charms
  2100 | D:2      | Reached skill level 1 in Summonings
  2100 | D:2      | Reached skill level 1 in Necromancy
  2100 | D:2      | Reached skill level 1 in Translocations
  2100 | D:2      | Reached skill level 1 in Transmutations
  2100 | D:2      | Reached skill level 1 in Fire Magic
  2100 | D:2      | Reached skill level 1 in Ice Magic
  2100 | D:2      | Reached skill level 1 in Air Magic
  2100 | D:2      | Reached skill level 1 in Earth Magic
  2100 | D:2      | Reached skill level 1 in Poison Magic
  2656 | D:3      | Noticed Grinder
  2657 | D:3      | Paralysed by Grinder for 5 turns
  2664 | D:3      | Reached XP level 5. HP: 35/37 MP: 12/12
  2673 | D:3      | Noticed an ogre
  2681 | D:3      | Slain by an orc priest

Levels and vault maps discovered:
D:1:      dpeg_arrival_rhombus, layout_basic
D:2:      layout_basic, nicolae_overflow_crystal_walls,
          kennysheep_generic_room_3, uniq_natasha
D:3:      layout_rooms, doesnt_xom_only_xom, uniq_grinder

Skill      XL: |  1  2  3  4 |
---------------+-------------+-----
Conjurations   | 2 |  2.3
Spellcasting   | 5 |  5.1
Fighting       | 1 |  1.3
Short Blades   | 1 |  1.3
Long Blades    | 1 |  1.3
Axes           | 1 |  1.3
Maces & Flails | 1 |  1.3
Polearms       | 1 |  1.3
Staves         | 1 |  1.3
Slings         | 1 |  1.3
Bows           | 1 |  1.3
Crossbows      | 1 |  1.3
Armour         | 1 |  1.3
Invocations    | 1 |  1.4
Evocations     | 1 |  1.3
Hexes          | 1 |  1.0
Charms         | 1 |  1.0
Summonings     | 1 |  1.0
Necromancy     | 1 |  1.0
Translocations | 1 |  1.0
Transmutations | 1 |  1.0
Fire Magic     | 1 |  1.0
Ice Magic      | 1 |  1.0
Air Magic      | 1 |  1.0
Earth Magic    | 1 |  1.0
Poison Magic   | 1 |  1.0
Throwing       | |  2.8
Dodging        | |  4.7
Stealth        | |  4.3
Shields        | |  2.8
Unarmed Combat | |  2.8

Action                   |  1- 3 |  4- 6 || total
-------------------------+-------+-------++-------
Melee: Falchion          |    21 |       ||    21
       Bite              |     8 |     7 ||    15
       Hand axe          |    31 |    46 ||    77
Throw: Stone             |    21 |       ||    21
       Boomerang         |    15 |    20 ||    35
 Cast: Apportation       |     1 |     2 ||     3
  Use: Scroll            |       |     1 ||     1
       Potion            |       |     1 ||     1
  Eat: Ration            |     1 |     1 ||     2
Armor: Robe              |    10 |     2 ||    12
       Leather armour    |       |     6 ||     6
Dodge: Dodged            |    49 |    27 ||    76
       Rpst.: Falchion   |    13 |       ||    13

Table legend:
 A = Non-vault XP
 B = Vault XP
 C = Vault XP percentage of total XP
 D = Non-vault monster count
 E = Vault monster count
 F = Vault count percentage of total count
                 A         B        C        D         E       F
            +---------+---------+-------+---------+---------+-------
      Total |     137 |      42 |  23.5 |      43 |       2 |   4.4
            +---------+---------+-------+---------+---------+-------
        D:1 |      42 |       0 |   0.0 |      21 |       0 |   0.0
        D:2 |      67 |      42 |  38.5 |      11 |       2 |  15.4
        D:3 |      28 |       0 |   0.0 |      11 |       0 |   0.0
            +---------+---------+-------+---------+---------+-------
